 Dungeon Crawl Stone Soup version 0.27-a0-1532-gca18f49f40 (webtiles) character file.

Game seed: 226743932630334687

121 lunkers the Skirmisher (level 5, 0/55 HPs)
             Began as an Ogre Warper on July 12, 2021.
             Was an Initiate of Cheibriados.
             Killed by divine providence
             ... invoked by an orc priest
              (15 damage)
             ... on level 3 of the Dungeon.
             The game lasted 00:02:57 (2638 turns).

lunkers the Skirmisher (Ogre Warper)                Turns: 2638, Time: 00:02:57

Health: 0/55       AC: 10    Str: 16    XL:     5   Next: 5%
Magic:  8/8        EV: 10    Int: 16    God:    Cheibriados [......]
Gold:   64         SH:  0    Dex:  9    Spells: 8/8 levels left

rFire    . . .     SeeInvis .   d - +2 flail (protect)
rCold    . . .     Faith    .   (no shield)
rNeg     . . .     Spirit   .   b - +0 robe
rPois    .         Reflect  .   (helmet restricted)
rElec    .         Harm     .   (no cloak)
rCorr    .         Rampage  .   (gloves unavailable)
Will     .....                  (boots unavailable)
Stlth    +.........             (no amulet)
HPRegen  0.18/turn              (no ring)
MPRegen  0.11/turn              (no ring)

@: under a protective aura, very slow
A: large, unfitting armour, tough skin 1
a: Renounce Religion, Bend Time


You were on level 3 of the Dungeon.
You worshipped Cheibriados.
Cheibriados was noncommittal.
You visited 1 branch of the dungeon, and saw 3 of its levels.

You collected 64 gold pieces.

Inventory:

Hand Weapons
 a - a +0 mace
 d - a +2 flail of protection (weapon)
 m - a +0 morningstar
Missiles
 h - 23 stones (quivered)
Armour
 b - a +0 robe (worn)
Scrolls
 c - a scroll of blinking
 e - a scroll of summoning {unknown}
 f - a scroll of fear {unknown}
 g - 3 scrolls of identify {unknown}
 k - a scroll of magic mapping {unknown}
Potions
 i - 2 potions of lignification {unknown}
 j - a potion of flight {unknown}
 l - a potion of curing {unknown}


   Skills:
 + Level 4.3 Fighting
 * Level 3.9 Maces & Flails
 - Level 1.0 Throwing
 - Level 2.1 Dodging
 - Level 2.4 Spellcasting
 - Level 2.6 Translocations


You had 8 spell levels left.
You didn't know any spells.
Your spell library contained the following spells:

 Spells                   Type           Power      Damage    Failure   Level
 Blink                    Tloc           N/A        N/A       10%         2
 Gell's Gravitas          Tloc           5%         N/A       21%         3
 Lesser Beckoning         Tloc           5%         N/A       21%         3
 Teleport Other           Tloc           10%        N/A       21%         3
 Manifold Assault         Tloc           10%        N/A       88%         5


Dungeon Overview and Level Annotations

Branches:
Dungeon (3/15)

Altars:
Cheibriados


Innate Abilities, Weirdness & Mutations

You are too large for most types of armour.
You have tough skin. (AC +1)


Message History

Cheibriados thoroughly appreciates the change of pace.
You closely miss the orc. The orc barely misses you.
The orc closely misses you.
You hit the orc.
The orc is severely wounded.
The orc hits you with a +0 hand axe.
* * * LOW HITPOINT WARNING * * *
You hit the orc.
The orc is severely wounded.
The orc barely misses you.
You closely miss the orc.
The orc is severely wounded.
The orc barely misses you.
You sock the orc!
You kill the orc!
Cheibriados appreciates the change of pace.
Items here: ))) [ †.
h - 23 stones (gained 1)
You start resting.
An orc priest comes into view. It is wielding a +0 short sword.
An orc priest is nearby!
An orc priest is nearby!
The orc priest shouts!
You start resting.
An orc priest is nearby!
Okay, then.
The orc priest misses you.
You sock the orc priest!
Your weapon exudes an aura of protection.
The orc priest is heavily wounded.
The orc priest hits you with a +0 short sword.
* * * LOW HITPOINT WARNING * * *
You aren't carrying any items that you can evoke.
Unknown command.
You hit the orc priest but do no damage.
The orc priest is heavily wounded.
The orc priest closely misses you.
The orc priest invokes the aid of Beogh against you.
Beogh smites you!
You die...

≈≈≈≈≈.≈≈≈♣#....##.............#.#
P≈≈≈≈.≈≈≈♣P....######.......#.#.#
P≈≈≈≈.≈P≈≈♣♣......# #.#####.#.#.#
≈≈≈≈≈.≈≈≈≈ ♣♣####.#...# #.#.#.#
♣♣≈≈≈.≈≈≈≈ #.#.### #.#.#.#
♣♣≈≈≈.≈≈≈≈ ###.#. #.#...# ♣
♣≈≈.≈≈≈ ♣...# #.##### ♣ ≈≈.≈≈≈
♣##.# #...... ♣ ≈.≈ ♣.@.# #######
♣♣≈≈≈. ###o# P≈≈P≈. #)# P≈≈P≈.
#(# ≈≈PP≈. #)# ...... #.. ≈≈≈P≈.
### ≈≈♣♣.. ♣♣≈ .


You could see an orc priest.

Vanquished Creatures
  3 adders
  3 gnolls (D:3)
  A dart slug (D:3)
  4 orcs (D:3)
  7 endoplasms
  3 giant cockroaches
  6 goblins
  4 hobgoblins
  3 jackals (D:1)
  5 kobolds
  A quokka (D:1)
  4 ball pythons
  5 bats
  4 frilled lizards
  3 rats
56 creatures vanquished.

Vanquished Creatures (others)
  2 plants (D:3)
2 creatures vanquished.

Grand Total: 58 creatures vanquished

Notes
Turn   | Place    | Note
-------+----------+-------------------------------------------
     0 | D:1      | lunkers the Ogre Warper began the quest for the Orb.
     0 | D:1      | Reached XP level 1. HP: 22/22 MP: 3/3
   244 | D:1      | Reached skill level 3 in Fighting
   244 | D:1      | Reached XP level 2. HP: 17/31 MP: 5/5
   906 | D:1      | Reached XP level 3. HP: 28/37 MP: 6/6
  2078 | D:3      | Reached XP level 4. HP: 48/48 MP: 7/7
  2233 | D:3      | Reached skill level 4 in Fighting
  2326 | D:3      | Found a snail-covered altar of Cheibriados.
  2405 | D:3      | Became a worshipper of Cheibriados the Contemplative
  2602 | D:3      | Reached XP level 5. HP: 13/54 MP: 8/8
  2638 | D:3      | Killed from afar by an orc priest

Illustrated notes

Levels and vault maps discovered:
D:1:      lemuel_arrival_rhombus, layout_loops_ring
D:2:      layout_basic
D:3:      layout_basic, overflow_temple_1_default, overflow_temple_1_default,
          nicolae_overflow_crystal_walls, serial_bayou, serial_bayou_lagoon_b,
          serial_bayou_pond_a, serial_bayou_lake_a, serial_bayou_crossing

Skill      XL: |  1  2  3  4 |
---------------+-------------+-----
Maces & Flails | 2 3 |  3.9
Fighting       | 3 4 |  4.3
Throwing       | |  1.0
Dodging        | |  2.1
Spellcasting   | |  2.4
Translocations | |  2.6

Action                   |  1- 3 |  4- 6 || total
-------------------------+-------+-------++-------
Melee: Mace              |    99 |       ||    99
       Morningstar       |       |    30 ||    30
       Flail             |       |    18 ||    18
Throw: Stone             |    60 |    34 ||    94
       Boomerang         |       |     5 ||     5
Armor: Robe              |    28 |     9 ||    37
Dodge: Dodged            |    62 |    25 ||    87

Table legend: (Time is in decaauts)
 A = Elapsed time spent in this place.
 B = Non-inter-level travel time spent in this place.
 C = Inter-level travel time spent in this place.
 D = Time resting spent in this place.
 E = Time spent auto-exploring this place.
 F = Levels seen in this place.
 G = Mean time per level.
                   A        B        C        D        E       F      G
               +--------+--------+--------+--------+--------+-----+--------+
         Total |   2769 |   2734 |     35 |     19 |   2258 |   3 |  923.0 |
       Dungeon |   2769 |   2734 |     35 |     19 |   2258 |   3 |  923.0 |
               +--------+--------+--------+--------+--------+-----+--------+

Top non-repeatable levels by time:
     D:1: 1203 daAuts
     D:3: 903 daAuts
     D:2: 662 daAuts
